Map: Site Delta LE

Players

SubN - Winner!

  • Race: Zerg Zerg
  • League: Diamond
  • Spawn Location: 11:00

Natalie

  • Race: Zerg Zerg
  • League: Diamond
  • Spawn Location: 5:00

VOD

Have the link to the VOD?

Description

Time

  • Played on: Dec. 22, 2023, 4:39 p.m.
  • Length: 3:29
Show
View Real Time Build Order
Export as new Build Order

SubN Zerg - Winner!

Build Orders: Pool First 

Get SALT Encoding   

  12  0:00  Drone  
  13  0:08  Drone  
  13  0:13  Extractor  
  13  0:28  Spawning Pool  
  12  0:58  Hatchery  
  11  1:15  Queen  
  13  1:26  Metabolic Boost  
  13  1:36  Overlord  
  13  1:41  Zergling x2  
  14  1:54  Zergling x4  
  17  2:01  Zergling x2  
  17  2:10  Zergling x2  
  17  2:13  Queen  
  20  2:18  Zergling x2  
  21  2:23  Zergling x2  
  21  2:26  Zergling x2  
  23  2:34  Zergling x2  
  24  2:44  Zergling x4  
  26  2:51  Overlord  
  26  2:57  Zergling x2  
  27  3:00  Zergling x2  
Show
View Real Time Build Order
Export as new Build Order

Natalie Zerg 

Build Orders: Hatch First 

Get SALT Encoding   

  12  0:00  Drone  
  13  0:08  Drone  
  14  0:16  Extractor  
  14  0:18  Extractor  
  14  0:20  Drone  
  14  0:21  Drone  
  14  0:27  Overlord  
  16  0:45  Drone x2  
  18  0:56  Drone  
  19  1:05  Drone, Hatchery  
  19  1:15  Spawning Pool  
  19  1:17  Drone  
  19  1:27  Extractor  
  19  1:29  Drone  
  19  1:39  Drone  
  20  1:48  Overlord  
  20  2:00  Hatchery  
  19  2:05  Drone  
  19  2:06  Queen  
  22  2:13  Drone  
  23  2:21  Baneling Nest  
  22  2:23  Drone x2  
  24  2:31  Queen  
  26  2:42  Drone x3  
  29  2:46  Zergling x2  
  30  2:52  Zergling x4  
  32  3:04  Zergling x2  
  32  3:05  Baneling  
Tags
 
Add a new tag
Caveats
  • Supply blocks, unpowered buildings, or Contaminate may cause inaccurate times.
  • Supply counts are checked every 10 seconds.